 Dungeon Crawl Stone Soup version 0.29.1 (webtiles) character file.

Game seed: 15134222748272631040

137797 Siking the Covert (level 17, -5/106 HPs)
             Began as a Kobold Enchanter on Sept 9, 2022.
             Was a Believer of Yredelemnul.
             Slain by a merfolk aquamancer
             ... wielding a +3 rapier of speed
              (18 damage)
             ... on level 1 of the Shoals on Sept 13, 2022.
             The game lasted 03:46:15 (36213 turns).

Siking the Covert (Kobold Enchanter)               Turns: 36213, Time: 03:46:15

Health: -5/106     AC: 11    Str: 13    XL:     17   Next: 84%
Magic:  21/33      EV: 18    Int: 21    God:    Yredelemnul [**....]
Gold:   1344       SH:  5    Dex: 22    Spells: 6/40 levels left

rFire   . . .      SeeInvis +   x - +8 short sword of the Firefly {elec, *Slow rN+ Dex+2}
rCold   + . .      Faith    .   (no shield)
rNeg    + . .      Spirit   .   q - +1 scale mail of Analysis {rPois Will+++ Slay-4 SInv}
rPois   +          Reflect  +   (helmet restricted)
rElec   +          Harm     .   Z - scarf {shadows}
rCorr   +          Rampage  +   Y - +0 pair of gloves "Zoedotz" {Dex+2 SInv}
Will    ++++.                   l - +0 pair of boots
Stlth   +++++++...              F - amulet "Ittuzxal" {Reflect Rampage rElec Dex-3 SH+5}
HPRegen 0.27/turn               V - ring of wizardry
MPRegen 0.23/turn               w - ring "Ymix" {rCorr Str+2 Int+2 Dex+6 Stlth+}

@: engulfed (cannot breathe), hasted, very quick
A: small, no large weapons, nightstalker 3, horns 1, see invisible, cold
resistance 1
a: Renounce Religion, Recall Undead Harvest, Dark Bargain


You were on level 1 of the Shoals.
You worshipped Yredelemnul.
Yredelemnul was aware of your devotion.
You visited 4 branches of the dungeon, and saw 23 of its levels.
You also visited: Ice Cave.

You collected 2892 gold pieces.
You spent 1548 gold pieces at shops.

Inventory:

Hand Weapons
 b - the +3 scimitar of the Forgotten Friars {vorpal, rC+ Int-3 Dex+3 SInv}
   (You found it on level 11 of the Dungeon)

   It inflicts extra damage upon your enemies.
   Int:       It affects your intelligence (-3).
   Dex:       It affects your dexterity (+3).
   rC:        It protects you from cold.
   SInv:      It lets you see invisible.
 x - the +8 short sword of the Firefly (weapon) {elec, *Slow rN+ Dex+2}
   (You found it on level 4 of the Dungeon)

   It occasionally discharges a powerful burst of electricity upon striking a
   foe.
   Dex:       It affects your dexterity (+2).
   rN:        It protects you from negative energy.
   *Slow:     It may slow you when you take damage.
 O - the +6 falchion of Big Damage {venom, Str+4 Int+3}
   (You took it off a centaur on level 10 of the Dungeon)

   It poisons the flesh of those it strikes.
   Str:       It affects your strength (+4).
   Int:       It affects your intelligence (+3).
Missiles
 U - 2 throwing nets (quivered)
Armour
 l - a +0 pair of boots (worn)
 q - the +1 scale mail of Analysis (worn) {rPois Will+++ Slay-4 SInv}
   (You found it on level 1 of the Shoals)

   Slay:      It affects your accuracy & damage with ranged weapons and melee
   (-4).
   rPois:     It protects you from poison.
   SInv:      It lets you see invisible.
   Will:      It greatly increases your willpower.
 r - a +0 robe of cold resistance
 B - a +2 robe of willpower
 Y - the +0 pair of gloves "Zoedotz" (worn) {Dex+2 SInv}
   (You bought it in a shop on level 9 of the Dungeon)

   Dex:       It affects your dexterity (+2).
   SInv:      It lets you see invisible.
 Z - a scarf of shadows (worn)
Jewellery
 a - a ring of protection from fire
 d - a +4 ring of protection
 g - a +6 ring of dexterity
 j - a ring of wizardry
 k - an amulet of reflection
 t - a ring of resist corrosion
 w - the ring "Ymix" (right hand) {rCorr Str+2 Int+2 Dex+6 Stlth+}
   (You found it in an ice cave)

   [ring of dexterity]

   Str:       It affects your strength (+2).
   Int:       It affects your intelligence (+2).
   Dex:       It affects your dexterity (+6).
   rCorr:     It protects you from acid and corrosion.
   Stlth:     It makes you more stealthy.
 A - a ring of ice
 D - an amulet of guardian spirit
 F - the amulet "Ittuzxal" (around neck) {Reflect Rampage rElec Dex-3 SH+5}
   (You acquired it on level 5 of the Dungeon)

   [amulet of reflection]

   It reflects blocked missile attacks.
   Dex:       It affects your dexterity (-3).
   rElec:     It insulates you from electricity.
   SH:        It affects your SH (+5).
   Rampage:   It bestows one free step when moving towards enemies.
 I - a +4 ring of slaying
 L - a ring of ice
 M - a ring of protection from cold
 T - a +6 ring of strength
 V - a ring of wizardry (left hand)
 W - a ring of protection from fire
 X - the ring "Sim Sefa" {Fire rN+}
   (You found it on level 1 of the Shoals)

   [ring of fire]

   It enhances your fire magic.
   rF:        It protects you from fire.
   rC:        It makes you vulnerable to cold.
   rN:        It protects you from negative energy.
Wands
 y - a wand of charming (36)
 C - a wand of roots (26)
 Q - a wand of polymorph (6)
Scrolls
 e - a scroll of amnesia
 h - 10 scrolls of teleportation
 m - a scroll of fear
 n - 4 scrolls of poison
 o - 2 scrolls of brand weapon
 u - 7 scrolls of enchant weapon
 J - a scroll of magic mapping
 N - 4 scrolls of fog
 P - 2 scrolls of enchant armour
 R - a scroll of blinking
Potions
 c - 2 potions of invisibility
 f - 4 potions of cancellation
 i - 4 potions of brilliance
 p - 5 potions of might
 s - 5 potions of lignification
 v - a potion of magic
 z - a potion of berserk rage
 E - a potion of resistance
 G - 4 potions of haste
 K - 5 potions of flight
 S - 3 potions of curing


   Skills:
 - Level 12.3 Fighting
 - Level 11.5 Short Blades
 + Level 7.8 Armour
 - Level 10.7 Dodging
 - Level 13.6 Stealth
 + Level 12.3 Spellcasting
 - Level 8.7 Hexes
 + Level 13.0 Summonings
 - Level 4.4 Ice Magic
 - Level 8.8 Invocations


You had 6 spell levels left.
You knew the following spells:

 Your Spells              Type           Power      Damage    Failure   Level
a - Ensorcelled Hibernat  Hex/Ice        80%        N/A       1%          2
b - Tukima's Dance        Hex            49%        N/A       1%          3
c - Summon Mana Viper     Hex/Summ       55%        N/A       2%          5
d - Summon Cactus Giant   Summ           30%        N/A       6%          6
e - Summon Lightning Spi  Summ/Air       40%        N/A       5%          4
f - Summon Hydra          Summ           30%        N/A       30%         7
g - Summon Guardian Gole  Hex/Summ       55%        N/A       1%          3
h - Call Canine Familiar  Summ           61%        N/A       1%          3
i - Necrotise             Necr           48%        1d6       8%          1

Your spell library contained the following spells:

 Spells                   Type           Power      Damage    Failure   Level
 Freeze                   Ice            100%       1d11      1%          1
 Summon Small Mammal      Summ           100%       N/A       1%          1
 Confusing Touch          Hex            49%        N/A       1%          3
 Cause Fear               Hex            24%        N/A       2%          4
 Dazzling Flash           Conj/Hex       62%        N/A       4%          3
 Frozen Ramparts          Ice            62%        1d10      4%          3
 Animate Armour           Summ/Erth      80%        N/A       5%          4
 Magic Dart               Conj           48%        1d5       8%          1
 Passwall                 Tmut/Erth      10%        N/A       12%         2
 Searing Ray              Conj           24%        2d5       12%         2
 Sublimation of Blood     Necr           12%        N/A       12%         2
 Wereblood                Tmut           12%        N/A       12%         2
 Fulminant Prism          Conj/Hex       15%        3d11      13%         4
 Leda's Liquefaction      Hex/Erth       15%        N/A       13%         4
 Summon Forest            Summ/Tloc      20%        N/A       16%         5
 Gell's Gravitas          Tloc           12%        N/A       22%         3
 Teleport Other           Tloc           12%        N/A       22%         3
 Vampiric Draining        Necr           12%        2d6       22%         3
 Hailstorm                Conj/Ice       22%        3d7       30%         4
 Airstrike                Air            6%         2d(1-17)  56%         4
 Agony                    Necr           12%        N/A       88%         5
 Blade Hands              Tmut           6%         N/A       88%         5
 Borgnjor's Vile Clutch   Necr/Erth      6%         N/A       88%         5
 Lightning Bolt           Conj/Air       6%         1d18      88%         5
 Dispersal                Tloc           6%         N/A       100%        6
 Iron Shot                Conj/Erth      6%         9d2       100%        6
 Dragon Form              Tmut           6%         N/A       100%        7
 Disjunction              Tloc           6%         N/A       100%        8
 Dragon's Call            Summ           30%        N/A       100%        9
 Shatter                  Erth           6%         3d9*      100%        9
 Animate Dead             Necr           Unusable   N/A       N/A         4
 Death Channel            Necr           Unusable   N/A       N/A         6

Dungeon Overview and Level Annotations

Branches:
Dungeon (15/15)            Temple (0/1) D:6            Lair (5/5) D:8
 Shoals (1/4) Lair:2       Spider (0/4) Lair:3          Orc (2/2) D:12
    Elf (0/3) Orc:2        Vaults (0/5) D:13         Depths (0/4) D:15
  IceCv (visited)
  Slime: Lair:4-5

Altars:
Dithmenos
Elyvilon
Fedhas
Gozag
Hepliaklqana
Sif Muna
Trog
Vehumet
Xom
Yredelemnul
Zin
The Shining One
Jiyva
Lugonu

Shops:
D:1 (   D:6 (   D:8 !   D:9 [   Orc:2 (?:!

Portals:
Abyss: Lair:5

Annotations:
D:4 2 transporters, Smoky173's ghost, amateur OpSu
D:11 3 transporters
Lair:4 1 runed translucent door


Innate Abilities, Weirdness & Mutations

You are small and have problems with some larger weapons.
You are completely attuned to the shadows.
You have a pair of small horns on your head.
You have supernaturally acute eyesight. (SInv)
Your flesh is cold resistant. (rC+)


Message History

* * * LOW HITPOINT WARNING * * *
Your lungs strain for air!
Your mana viper bites the merfolk impaler!!
The merfolk impaler hits your mana viper with a +3 trident of protection!!
Your mana viper dies!
Your mana viper disappears in a puff of smoke!
The water elemental hits you.
The water nymph casts a spell at your bound snapping turtle.
The water rises up and strikes your bound snapping turtle!
The merfolk aquamancer misses you.
You feel much better.
Your lungs strain for air!
The water elemental barely misses you. You block the merfolk impaler's attack.
The merfolk aquamancer barely misses you.
You cannot read scrolls while unable to breathe!
You cannot cast spells while unable to breathe!
You hit the merfolk aquamancer but do no damage.
Your lungs strain for air!
The water nymph touches your bound snapping turtle!
The merfolk impaler hits you from afar with a +3 trident of protection!
* * * LOW HITPOINT WARNING * * *
You hit the merfolk aquamancer.
The merfolk aquamancer is lightly wounded.
* * * LOW HITPOINT WARNING * * *
Your lungs strain for air!
Your bound snapping turtle bites the merfolk impaler!
Something hits your cactus giant!
The merfolk aquamancer closely misses you.
The water elemental hits you!
* * * LOW HITPOINT WARNING * * *
You hit the water elemental but do no damage.
The water elemental is heavily damaged.
* * * LOW HITPOINT WARNING * * *
Your lungs strain for air!
The merfolk impaler hits your bound snapping turtle with a +3 trident of protection!
Your merfolk aquamancer zombie hits the merfolk impaler.
The water nymph closely misses your bound snapping turtle.
The merfolk aquamancer hits you with a +3 rapier of speed!!
You die...
Your body rises from the dead as a mindless zombie.

~~~~Z..###..~~≈ ~~~~ZZ~.###.>~~≈
≈~~..~ .~~~Z~~~....~~≈≈
≈~~~E#~~~~.~~~~....~..~~≈≈
~EmmmE~~~~~~~.........~~≈≈
.~~m#~~~~~~~~.##......~~~~
~~~E§Ek~.k.~..###....~~~~~ ~..#~
~~#Z~~CmmE#Z..###......~~~
P~~.~#~#~~..)ZZ.@##Z......#......
PP~~~~~~~~.~~m#####....)..#......
.~~~~~)~~~~.~.# ##Z....####....
PP~~~~~.~~~Z..# ##Z...# ###..
#P........≈Z~.## ##Z...## ##.
###...~)..~≈ZZ.## #.Z....# ## #
#.....~~~≈Z≈Z.# #####..###
###..#.~~~~≈≈Z~## ##....##
.##.###.[~~≈≈≈ZZ# ###......###


You could see a merfolk impaler (distracted, ally target), a merfolk aquamancer
(ally target), 2 wind drakes, a water elemental, a water nymph (distracted), a
friendly cactus giant (summoned), a friendly bound snapping turtle and a
friendly merfolk aquamancer zombie.

Vanquished Creatures
  3 boulder beetles
  Harold (Lair:2)
  2 hydras
  An ice dragon (shapeshifter) (D:11)
  2 two-headed ogres
  2 tengu warriors (D:15)
  A centaur warrior (D:14)
  3 death yaks (Lair:2)
  An orc high priest (Orc:1)
  Sonja (Lair:1)
  2 skeletal warriors (D:15)
  Lodul (D:12)
  A sea snake (Shoals:1)
  A flayed ghost (D:15)
  A sea snake (shapeshifter) (D:15)
  A harpy (Shoals:1)
  An orc knight (D:15)
  2 large abominations (Lair:5)
  Pikel (D:7)
  A frost giant zombie (D:15)
  A deep elf pyromancer (D:10)
  2 orc sorcerers
  5 ugly things
  4 cyclopes
  A faun (Shoals:1)
  2 manticores
  3 black mambas
  A merfolk siren (Lair:2)
  2 gargoyles
  A spriggan zombie (D:15)
  A rime drake (Lair:3)
  6 cane toads
  4 komodo dragons
  A freezing wraith (D:15)
  An ancient zyme (Lair:5)
  9 trolls
  A hornet (D:10)
  A meliai (D:15)
  Grinder (D:4)
  3 merfolk
  11 blink frogs
  3 dream sheep (Lair:3)
  15 slime creatures
  Prince Ribbit (D:9)
  A centaur simulacrum (D:10)
  A ynoxinul (Lair:5)
  2 wraiths
  2 shadows
  A wyvern (Lair:5)
  A vampire (D:10)
  11 yaks
  4 basilisks
  A nameless horror (D:15)
  2 chaos spawn (Lair:5)
  5 steam dragons
  8 vampire mosquitoes
  A swamp worm (Lair:2)
  4 acid dragons
  A warg (Orc:2)
  4 water moccasins
  Duvessa (D:5)
  19 orc warriors
  3 ice beasts
  A sky beast (D:6)
  2 great orb of eyes simulacra (IceCv)
  2 black bears
  A wolf (Lair:3)
  14 ogres
  14 centaurs
  3 lemures (D:7)
  2 kobold brigands
  2 phantoms (D:6)
  5 small abominations (Lair:5)
  3 glowing shapeshifter simulacra (IceCv)
  8 bullfrogs
  5 necrophages
  2 gnoll sergeants
  2 scorpions
  5 wights
  Dowan (D:5)
  9 killer bees
  7 electric eels
  10 howler monkeys
  2 lava snakes (Lair:5)
  A jelly (D:6)
  Crazy Yiuf (D:6)
  A gnoll bouda (D:6)
  12 orc priests
  3 hounds (D:5)
  4 iguanas
  12 orc wizards
  3 shapeshifter simulacra (IceCv)
  16 gnolls
  9 adders
  A shadow imp (D:5)
  3 white imps
  An ufetubus (D:7)
  2 dart slugs (D:3)
  57 orcs
  8 ball pythons
  5 endoplasms
  3 giant cockroaches
  5 goblins
  7 hobgoblins
  11 jackals
  4 quokkas
  11 bats
  4 frilled lizards
  10 kobolds
  3 rats
478 creatures vanquished.

Vanquished Creatures (collateral kills)
  2 azure jellies (IceCv)
  An orc warlord (Orc:2)
  An ironbound preserver (D:13)
  3 hydras
  An ogre mage (D:15)
  6 boulder beetles
  2 merfolk aquamancers (Shoals:1)
  2 centaur warriors
  8 two-headed ogres
  A tengu warrior (D:15)
  3 thrashing horrors (Lair:5)
  2 orc high priests
  A sea snake (Shoals:1)
  3 harpies (Shoals:1)
  An orc knight (Orc:2)
  A deep elf pyromancer (D:12)
  A faun (Shoals:1)
  A necromancer (D:15)
  A frost giant zombie (D:15)
  9 ugly things
  An orc sorcerer (Orc:2)
  4 cyclopes
  3 manticores
  A water nymph (Shoals:1)
  3 merfolk sirens (Shoals:1)
  A black mamba (Lair:5)
  2 smoke demons (Lair:5)
  A spriggan zombie (D:15)
  4 cane toads
  2 unseen horrors
  2 rime drakes
  3 komodo dragons
  A tengu conjurer (D:15)
  An unseen horror zombie (D:12)
  A queen bee (shapeshifter) (D:14)
  A polar bear (Lair:2)
  2 meliai (D:15)
  6 trolls
  A large abomination (Lair:5)
  16 blink frogs
  3 nameless horrors
  A merfolk (Shoals:1)
  11 slime creatures (IceCv)
  2 dream sheep (Lair:3)
  A shadow (D:11)
  Sigmund (D:4)
  15 yaks
  A water elemental (Shoals:1)
  6 wyverns
  6 vampire mosquitoes
  4 basilisks
  2 wargs
  A chaos spawn (Lair:5)
  A swamp worm (Lair:2)
  2 acid dragons
  2 small abominations (Lair:5)
  5 water moccasins
  23 orc warriors
  A swamp drake (D:12)
  11 ogres
  6 centaurs
  2 wolves (Lair:3)
  3 slime creature simulacra (IceCv)
  3 bullfrogs
  A glowing shapeshifter simulacrum (IceCv)
  An electric eel (D:8)
  5 howler monkeys
  5 orc priests
  An iguana (D:6)
  17 orc wizards
  A hell rat (Lair:4)
  10 white imps (D:11)
  37 orcs
  A bat (D:7)
  An endoplasm (D:4)
  A goblin (D:4)
  A ball python (D:3)
  2 kobolds
303 creatures vanquished.

Vanquished Creatures (others)
  A boulder beetle (D:12)
  An azure jelly zombie (IceCv)
  A spectral ogre (D:15)
  An orc knight (Orc:2)
  A spectral merfolk (Orc:2)
  3 dancing weapons (Orc:2)
  A human zombie (D:13)
  A swamp worm zombie (Lair:2)
  A sea snake zombie (Shoals:1)
  A harpy zombie (Shoals:1)
  A hydra zombie (D:13)
  A boulder beetle zombie (Lair:2)
  A black mamba zombie (Lair:5)
  8 slime creature zombies
  2 two-headed ogre zombies (D:15)
  2 tengu zombies (D:15)
  A spectral smoke demon (Lair:5)
  2 merfolk zombies (Shoals:1)
  9 blink frog zombies
  A dream sheep zombie (Lair:3)
  A manticore zombie (Shoals:1)
  3 vampire mosquito zombies
  A rime drake zombie (Lair:5)
  2 spectral chaos spawn (Lair:5)
  A spectral ynoxinul (Lair:5)
  2 cyclops zombies
  3 wyvern zombies
  3 water moccasin zombies (Lair:2)
  A polar bear zombie (Lair:2)
  2 troll zombies
  3 yak zombies
  9 centaur zombies
  3 basilisk zombies
  A black bear zombie (Lair:2)
  5 bullfrog zombies
  An orc wizard (D:6)
  3 killer bee zombies (D:8)
  9 ogre zombies
  2 acid dragon zombies (D:10)
  2 hound zombies (D:5)
  An ice beast zombie (D:8)
  8 howler monkey zombies
  A steam dragon zombie (D:10)
  2 elf zombies
  An adder zombie (D:4)
  An iguana zombie (D:5)
  A spectral shadow imp (D:5)
  5 bat zombies (D:7)
  4 gnoll zombies (D:5)
  2 endoplasm zombies (D:4)
  A goblin zombie (D:4)
  A kobold zombie (D:7)
  51 orc zombies
  62 fungi
  170 plants
  5 withered plants (D:15)
413 creatures vanquished.

Grand Total: 1194 creatures vanquished

Notes
Turn   | Place    | Note
-------+----------+-------------------------------------------
     0 | D:1      | Siking the Kobold Enchanter began the quest for the Orb.
     0 | D:1      | Reached XP level 1. HP: 10/10 MP: 3/3
   172 | D:1      | Reached skill level 1 in Fighting
   172 | D:1      | Reached XP level 2. HP: 10/16 MP: 5/5
   350 | D:1      | Learned a level 2 spell: Ensorcelled Hibernation
   450 | D:1      | Found Ulaluih's Weapon Emporium.
   866 | D:1      | Found a faded altar of an unknown god.
   894 | D:1      | Reached XP level 3. HP: 20/20 MP: 6/6
  1141 | D:2      | Reached skill level 1 in Ice Magic
  1228 | D:2      | Reached XP level 4. HP: 18/26 MP: 0/7
  1952 | D:2      | Gained mutation: Your flesh is cold resistant. (rC+)
                  | [potion of mutation]
  1952 | D:2      | Gained mutation: You have a pair of small horns on your
                  | head. [potion of mutation]
  1952 | D:2      | Gained mutation: You have supernaturally acute eyesight.
                  | (SInv) [potion of mutation]
  2338 | D:3      | Reached XP level 5. HP: 31/31 MP: 5/8
  2388 | D:3      | Found a bloodstained altar of Trog.
  2682 | D:3      | Found a blossoming altar of Fedhas.
  2689 | D:3      | Found a basalt altar of Yredelemnul.
  2728 | D:3      | Became a worshipper of Yredelemnul the Dark
  2776 | D:3      | Found a glowing silver altar of Zin.
  2857 | D:3      | Found a shadowy altar of Dithmenos.
  2927 | D:4      | Noticed Grinder
  2943 | D:4      | Paralysed by Grinder for 3 turns
  2950 | D:4      | Paralysed by Grinder for 5 turns
  2954 | D:4      | HP: 1/31 [Grinder (3)]
  2957 | D:4      | Killed Grinder
  2958 | D:4      | Reached XP level 6. HP: 10/37 MP: 9/9
  3219 | D:4      | Reached * piety under Yredelemnul
  3359 | D:4      | Identified the +8 short sword of the Firefly {elec, *Slow
                  | rN+ Dex+2}
  3429 | D:4      | Reached ** piety under Yredelemnul
  3522 | D:4      | Noticed an ogre
  3530 | D:4      | Killed an ogre
  3531 | D:4      | Reached skill level 5 in Short Blades
  3531 | D:4      | Reached XP level 7. HP: 42/42 MP: 10/10
  3701 | D:4      | Found a hazy altar of Hepliaklqana.
  3701 | D:4      | Noticed Sigmund
  3738 | D:4      | Killed Sigmund
  3881 | D:4      | Found a transporter.
  3882 | D:4      | Noticed Smoky173's ghost (amateur OpSu)
  3886 | D:4      | Found a transporter.
  4403 | D:5      | Entered Level 5 of the Dungeon
  4506 | D:5      | Found a white marble altar of Elyvilon.
  4534 | D:5      | Noticed Dowan
  4535 | D:5      | Noticed Duvessa
  4539 | D:5      | Killed Dowan
  4540 | D:5      | Reached XP level 8. HP: 48/48 MP: 4/11
  5025 | D:5      | Killed Duvessa
  5026 | D:5      | Reached skill level 5 in Fighting
  5369 | D:5      | Found a shimmering blue altar of Sif Muna.
  5614 | D:5      | Learned a level 3 spell: Tukima's Dance
  5927 | D:5      | Reached skill level 5 in Stealth
  6110 | D:5      | Your ally Duvessa died
  6328 | D:5      | Reached skill level 1 in Invocations
  6328 | D:5      | Reached XP level 9. HP: 55/55 MP: 10/13
  6330 | D:5      | Identified 2 scrolls of acquirement
  6330 | D:5      | Acquired the amulet "Ittuzxal" {Reflect Rampage rElec Dex-3
                  | SH+5}
  6332 | D:5      | Acquired a book of the Wilderness
  6461 | D:5      | Learned a level 5 spell: Summon Mana Viper
  6631 | D:6      | Reached skill level 1 in Summonings
  6734 | D:6      | Reached skill level 5 in Hexes
  6823 | D:6      | Found a radiant altar of Vehumet.
  7157 | D:6      | Found a shimmering altar of Xom.
  7406 | D:6      | Found a staircase to the Ecumenical Temple.
  7628 | D:6      | Found a runed translucent door.
  7631 | D:6      | Noticed Crazy Yiuf
  7634 | D:6      | Killed Crazy Yiuf
  7734 | D:6      | Found Uwymoyd's Hydra Hut.
  7739 | D:6      | Noticed a six-headed hydra
  7769 | D:6      | Reached *** piety under Yredelemnul
  8002 | D:7      | Reached XP level 10. HP: 63/63 MP: 16/16
  8128 | D:7      | Noticed Pikel
  8147 | D:7      | Killed Pikel
  8148 | D:7      | Reached skill level 5 in Dodging
  8148 | D:7      | Reached skill level 5 in Spellcasting
  8758 | D:8      | Found a staircase to the Lair.
  8818 | D:8      | Found Foller's Distillery.
  8823 | D:8      | Bought a potion of haste for 160 gold pieces
  8823 | D:8      | Bought a potion of haste for 160 gold pieces
  8823 | D:8      | Bought a potion of haste for 160 gold pieces
  8973 | D:8      | Noticed a cyclops
  8985 | D:8      | Killed a cyclops
  9593 | D:8      | Noticed a two-headed ogre
  9644 | D:8      | HP: 1/64 [two-headed ogre/+0 giant club (16)]
  9964 | D:8      | Found an opulent altar of Gozag.
 10440 | D:9      | Reached skill level 5 in Summonings
 10440 | D:9      | Reached XP level 11. HP: 68/68 MP: 20/20
 10486 | D:9      | Noticed Prince Ribbit
 10493 | D:9      | Killed Prince Ribbit
 10497 | D:9      | Found Cymnu's Armour Shoppe.
 10843 | D:9      | Reached **** piety under Yredelemnul
 10959 | D:9      | Reached ***** piety under Yredelemnul
 11202 | D:8      | Killed a two-headed ogre
 11281 | Lair:1   | Entered Level 1 of the Lair of Beasts
 11416 | D:10     | Entered Level 10 of the Dungeon
 11604 | D:10     | Noticed a deep elf pyromancer
 11606 | D:10     | Killed a deep elf pyromancer
 11798 | D:10     | Noticed a manticore
 11805 | D:10     | Killed a manticore
 12055 | D:10     | Noticed a two-headed ogre
 12061 | D:10     | Killed a two-headed ogre
 12062 | D:10     | Reached XP level 12. HP: 74/76 MP: 15/23
 12129 | D:10     | Identified the +6 falchion of Big Damage {venom, Str+4
                  | Int+3}
 13119 | Lair:1   | You fall into a shaft and drop 1 floor!
 13299 | Lair:1   | Noticed Sonja
 13301 | Lair:1   | Killed Sonja
 13435 | Lair:1   | Reached skill level 10 in Fighting
 13982 | Lair:2   | Noticed a death yak
 13983 | Lair:2   | Noticed a death yak
 13984 | Lair:2   | Noticed a death yak
 13991 | Lair:2   | Killed a death yak
 13992 | Lair:2   | Reached skill level 1 in Armour
 13998 | Lair:2   | Killed a death yak
 14011 | Lair:2   | Killed a death yak
 14443 | Lair:2   | Noticed a boulder beetle
 14465 | Lair:2   | Killed a boulder beetle
 14962 | Lair:2   | Reached ****** piety under Yredelemnul
 15051 | Lair:2   | Noticed a boulder beetle
 15081 | Lair:2   | Noticed Harold
 15082 | Lair:2   | Killed a boulder beetle
 15083 | Lair:2   | Reached XP level 13. HP: 82/82 MP: 8/25
 15089 | Lair:2   | Killed Harold
 15385 | Lair:2   | Got the Compilation of Geology
 15463 | Lair:2   | Found a staircase to the Shoals.
 15798 | Lair:2   | Noticed a six-headed hydra
 15805 | Lair:2   | Killed a six-headed hydra
 15806 | Lair:2   | Reached skill level 5 in Invocations
 16219 | Lair:3   | Learned a level 6 spell: Summon Cactus Giant
 16749 | Lair:3   | Found a hole to the Spider Nest.
 17024 | Lair:3   | Reached skill level 10 in Stealth
 17186 | Lair:3   | Noticed an eight-headed hydra
 17191 | Lair:3   | Killed an eight-headed hydra
 17509 | D:9      | Bought the +0 pair of gloves "Zoedotz" {Dex+2 SInv} for 298
                  | gold pieces
 17655 | Lair:4   | Found a bloodstained altar of Trog.
 17676 | Lair:4   | Found a runed translucent door.
 17676 | Lair:4   | Found a viscous altar of Jiyva.
 17739 | Lair:4   | Reached skill level 5 in Armour
 18575 | Lair:4   | Noticed an acid blob
 18831 | Lair:5   | Entered Level 5 of the Lair of Beasts
 18993 | Lair:5   | Reached XP level 14. HP: 79/88 MP: 20/26
 20547 | Lair:5   | Reached skill level 10 in Summonings
 20553 | Lair:5   | Reached skill level 10 in Short Blades
 20670 | Lair:5   | Found a corrupted altar of Lugonu.
 20673 | Lair:5   | Found a one-way gate to the infinite horrors of the Abyss.
 21330 | Lair:5   | Learned a level 3 spell: Call Canine Familiar
 21330 | Lair:5   | Upgraded the game from 0.29.0-13-gc9e81de378 to
                  | 0.29.0-15-g675c0067aa
 22661 | D:11     | Found a transporter.
 22662 | D:11     | Found a transporter.
 22711 | D:11     | Found a transporter.
 22798 | D:11     | Identified the +3 scimitar of the Forgotten Friars {vorpal,
                  | rC+ Int-3 Dex+3 SInv}
 23183 | D:11     | Found a frozen archway.
 23215 | IceCv    | Entered an ice cave
 23475 | IceCv    | Found a viscous altar of Jiyva.
 23475 | IceCv    | Noticed an azure jelly
 23478 | IceCv    | Noticed an azure jelly
 23481 | IceCv    | Killed an azure jelly
 23482 | IceCv    | Reached XP level 15. HP: 38/92 MP: 16/28
 23485 | IceCv    | Killed an azure jelly
 23729 | IceCv    | Identified the ring "Ymix" {rCorr Str+2 Int+2 Dex+6 Stlth+}
 23873 | IceCv    | Reached skill level 10 in Spellcasting
 24516 | D:11     | Found a transporter.
 24997 | D:12     | Noticed Lodul
 25001 | D:12     | Killed Lodul
 25334 | D:12     | Found a staircase to the Orcish Mines.
 25646 | D:12     | Learned a level 3 spell: Summon Guardian Golem
 25844 | D:12     | Your ally Lodul died
 26286 | Orc:1    | Entered Level 1 of the Orcish Mines
 27146 | Orc:2    | Entered Level 2 of the Orcish Mines
 27314 | Orc:2    | Found a staircase to the Elven Halls.
 27407 | Orc:2    | Noticed an orc warlord
 28545 | Orc:2    | Reached skill level 10 in Dodging
 28757 | Orc:2    | Killed an orc warlord
 29347 | Orc:2    | Found Sigatz's Magic Scroll Emporium.
 29347 | Orc:2    | Found Elyxte's Book Shop.
 29347 | Orc:2    | Found Kotun's Antique Weapon Shoppe.
 29347 | Orc:2    | Found Heikiedu's Distillery.
 29357 | Orc:2    | Bought a potion of heal wounds for 70 gold pieces
 29357 | Orc:2    | Bought a potion of experience for 700 gold pieces
 29362 | Orc:2    | Reached XP level 16. HP: 100/100 MP: 29/31
 30466 | D:13     | Found a gate to the Vaults.
 30538 | D:13     | Reached XP level 17. HP: 62/104 MP: 10/32
 32538 | D:14     | Found a shimmering blue altar of Sif Muna.
 33100 | D:15     | Entered Level 15 of the Dungeon
 33238 | D:15     | Learned a level 7 spell: Summon Hydra
 33819 | D:15     | Found a glowing golden altar of the Shining One.
 34432 | D:15     | Found a staircase to the Depths.
 34817 | D:15     | Upgraded the game from 0.29.0-15-g675c0067aa to 0.29.1
 35087 | Shoals:1 | Entered Level 1 of the Shoals
 35115 | Shoals:1 | Learned a level 4 spell: Summon Lightning Spire
 35134 | Shoals:1 | Identified the +1 scale mail of Analysis {rPois Will+++
                  | Slay-4 SInv}
 35537 | Shoals:1 | Identified the ring "Sim Sefa" {Fire rN+}
 35834 | Shoals:1 | Learned a level 1 spell: Necrotise
 36213 | Shoals:1 | Slain by a merfolk aquamancer

Illustrated notes

Levels and vault maps discovered:
D:1:      minmay_arrival_nine_rooms, layout_basic,
          shapermc_ecumenical_altar_rom_forum, serial_shops,
          nicolae_shop_bloodbath_and_beyond, serial_bayou_ford_a
D:2:      layout_basic, serial_bayou_pond_c, minmay_tiny_reverse_x
D:3:      minmay_chambers_of_twos, layout_loops_ring,
          nicolae_dithmenos_through_a_glass_darkly, old_standard_altar,
          mainiacjoe_overflow_24_doors, mainiacjoe_overflow_divided_tiny
D:4:      minmay_spotlight, layout_cave_pods, worldfamousw_hep_ancestral_shrine,
          gammafunk_ghost_mausoleum, uniq_grinder, uniq_sigmund
D:5:      layout_gridville, old_standard_altar, lemuel_crystal_altar,
          grunt_decor_junction, nicolae_figureground_sparkle, uniq_duvessa
D:6:      layout_loops_corners, vehumet_crystals, xom_confusion_cloud,
          minmay_temple_entry_slanted, doesnt_shop_hydraphobe,
          uniq_crazy_yiuf_cottage
D:7:      layout_rooms, roderic_batcave, uniq_pikel
D:8:      kennysheep_big_flooded_room, layout_basic,
          nicolae_gozag_cash_rules_everything_around_me, dpeg_oklobed_lair,
          serial_shops, nicolae_stop_n_shop_1
D:9:      layout_rooms, serial_shops, nicolae_shop_behind_doors,
          serial_co_window_serial, co_window_paths_a, co_window_paths_b,
          co_window_paths_a, co_window_paths_a, co_window_corner_a,
          co_window_broadway_a, co_window_paths_c, co_window_broadway_b,
          co_window_2corner, co_window_paths_d, glass_columns_c,
          glass_columns_c, glass_columns_b, uniq_prince_ribbit1
D:10:     minmay_imperfect_grid, layout_irregular_city, minivault_20
D:11:     layout_irregular_city, portal_ice_cave_entry_imps,
          nicolae_diode_quadrants
D:12:     layout_loops_ring, erik_orc_1, uniq_lodul
D:13:     layout_irregular_city, skrybe_vaults_entry_preservation
D:14:     layout_stronghold, led_sif_pool
D:15:     gammafunk_depths_entry_grave, layout_basic,
          nicolae_tso_carved_into_rock
Lair:1:   layout_chaotic_city, infiniplex_staircase_pool, lemuel_fruit_tree,
          grunt_megastairs_5, serial_bayou_shore_a, uniq_sonja
Lair:2:   layout_long_grid, elwin_shoals_entry_rooms, serial_bayou_pond_c,
          worms_lemuel, uniq_harold
Lair:3:   layout_concentric_octagons, dummy_spider_entry, serial_bayou_shore_b,
          grunt_megastairs_1
Lair:4:   layout_misc_corridors, slime_entry_2, basic_altar, st_stairs_8
Lair:5:   hellmonk_lair_end_abyssal_woods, layout_gridlike,
          gauntlet_entry_generic, nicolae_lair_lil_pond, minivault_24
Shoals:1: layout_shoals, nicolae_shoals_water_shrine
Orc:1:    layout_caves, bh_open_orc_temple
Orc:2:    st_orc_rangers, layout_caves, basic_altar, nicolae_orc_crystal_geode

Skill      XL: |  1  2  3  4  5  6  7  8  9 10 11 12 13 14 15 16 17 |
---------------+----------------------------------------------------+-----
Short Blades   | 2 3 4 5 7 8 11 | 11.5
Fighting       | 1 2 3 4 5 7 8 9 10 11 12 | 12.3
Ice Magic      | 1 2 3 4 |  4.4
Hexes          | 4 5 6 8 |  8.7
Spellcasting   | 3 4 6 7 8 9 11 12 | 12.3
Stealth        | 5 7 10 11 12 13 | 13.6
Invocations    | 1 4 7 8 |  8.8
Summonings     | 3 5 6 8 9 10 11 12 13 | 13.0
Dodging        | 4 6 8 9 10 | 10.7
Armour         | 3 5 7 |  7.8

Action                   |  1- 3 |  4- 6 |  7- 9 | 10-12 | 13-15 | 16-18 || total
-------------------------+-------+-------+-------+-------+-------+-------++-------
Melee: Dagger            |    47 |    71 |       |       |       |       ||   118
       Headbutt          |       |     9 |    30 |    70 |    61 |    44 ||   214
       Short sword       |       |     8 |   188 |   327 |   346 |   144 ||  1013
       Punch             |       |       |     1 |     4 |     2 |     1 ||     8
 Cast: Ensorcelled Hiber |     3 |     6 |    19 |    20 |    37 |     5 ||    90
       Tukima's Dance    |       |       |       |     3 |     9 |     1 ||    13
       Summon Mana Viper |       |       |       |    14 |    67 |    30 ||   111
       Summon Cactus Gia |       |       |       |       |    38 |    33 ||    71
       Call Canine Famil |       |       |       |       |     8 |     5 ||    13
       Summon Guardian G |       |       |       |       |     4 |       ||     4
       Summon Lightning  |       |       |       |       |       |     9 ||     9
       Summon Hydra      |       |       |       |       |       |     3 ||     3
       Necrotise         |       |       |       |       |       |     1 ||     1
Invok: Recall Undead Har |       |     1 |     5 |     1 |     9 |     4 ||    20
       Dark Bargain      |       |       |     4 |     1 |     2 |       ||     7
       Bind Soul         |       |       |       |       |     1 |     3 ||     4
       Drain Life        |       |       |       |       |     1 |       ||     1
  Use: Potion            |     2 |     3 |     2 |     7 |     6 |     3 ||    23
       Scroll            |       |     4 |    13 |     5 |    10 |     2 ||    34
 Stab: Sleeping          |    13 |    20 |    22 |    47 |    83 |    33 ||   218
       Distracted        |       |       |     4 |     8 |     7 |     4 ||    23
       Confused          |       |       |     1 |       |       |       ||     1
       Invisible         |       |       |       |     1 |       |       ||     1
Armor: Robe              |     6 |     8 |    13 |    22 |    26 |    12 ||    87
       Skin              |       |       |     2 |       |       |       ||     2
       Scale mail        |       |       |       |       |       |    12 ||    12
Dodge: Dodged            |    16 |    33 |   100 |   147 |   229 |   129 ||   654
Block: Other             |       |       |    16 |    54 |    64 |    30 ||   164
       Reflection        |       |       |       |     5 |    12 |     2 ||    19
